 Dungeon Crawl Stone Soup version 0.26-a0-660-gc07710193c (webtiles) character file.

Game seed: 10271271830834254252

1578 jasper the Conjurer (level 8, 0/61 HPs)
             Began as a Demonspawn Ice Elementalist on Oct 6, 2020.
             Was a Follower of Vehumet.
             Slain by an unseen horror (8 damage)
             ... on level 7 of the Dungeon.
             The game lasted 00:13:39 (6791 turns).

jasper the Conjurer (Demonspawn Ice Elementalist)   Turns: 6791, Time: 00:13:41

Health: 0/61       AC:  5    Str:  9    XL:     8   Next: 60%
Magic:  12/12      EV: 18    Int: 18    God:    Vehumet [*.....]
Gold:   401        SH:  0    Dex: 14    Spells: 2/13 levels left

rFire    x . .     SeeInvis .   b - +0 hand crossbow
rCold    + . .     Faith    .   (no shield)
rNeg     . . .     Spirit   .   I - +0 robe
rPois    .         Reflect  .   x - +2 hat
rElec    .         Harm     .   (no cloak)
rCorr    .         Rampage  .   (no gloves)
MR       .....                  K - +0 pair of boots
Stlth    ++........             (no amulet)
HPRegen  0.20/turn              s - +4 ring of evasion
MPRegen  0.13/turn              v - ring of ice

@: frozen ramparts, stab
A: horns 1, demonic guardian 1, powered by death 1
a: Renounce Religion


You were on level 7 of the Dungeon.
You worshipped Vehumet.
Vehumet was aware of your devotion.
You visited 1 branch of the dungeon, and saw 7 of its levels.

You collected 401 gold pieces.

Inventory:

Hand Weapons
 a - a +0 rapier of draining
 b - a +0 hand crossbow (weapon)
 i - a +0 whip
 w - a +2 short sword of electrocution
Missiles
 c - 251 stones
 l - 9 datura-tipped darts
 q - 16 poisoned darts
 y - 54 bolts (quivered)
Armour
 x - a +2 hat (worn)
 I - a +0 robe (worn)
 K - a +0 pair of boots (worn)
Jewellery
 g - an uncursed amulet of faith
 n - an uncursed ring of protection from fire
 s - a +4 ring of evasion (left hand)
 v - a ring of ice (right hand)
 B - an uncursed ring of magical power
 C - an uncursed ring of see invisible
 D - an uncursed ring of poison resistance
 F - an uncursed ring of protection from cold {unknown}
Scrolls
 e - 4 scrolls of fear {unknown}
 f - 7 scrolls of teleportation {unknown}
 j - a scroll of blinking {unknown}
 k - 10 scrolls of identify {unknown}
 p - 2 scrolls of enchant armour {unknown}
 A - 2 scrolls of immolation {unknown}
 E - a scroll of fog {unknown}
 J - 8 scrolls of remove curse {unknown}
Potions
 d - a potion of haste {unknown}
 h - 2 potions of stabbing
 m - a potion of resistance {unknown}
 o - 2 potions of magic
 r - a potion of brilliance {unknown}
 t - a potion of flight {unknown}
 u - a potion of berserk rage {unknown}
 z - a potion of lignification {unknown}
 G - a potion of might {unknown}
 H - a potion of heal wounds {unknown}


   Skills:
 + Level 4.5 Fighting
 + Level 4.6 Dodging
 - Level 1.7 Stealth
 - Level 3.1 Spellcasting
 * Level 6.6 Conjurations
 - Level 5.4 Ice Magic


You had 2 spell levels left.
You knew the following spells:

 Your Spells              Type           Power        Failure   Level
a - Freeze                Ice            ####         1%          1
b - Frozen Ramparts       Ice            ####..       5%          3
c - Hailstorm             Conj/Ice       #####...     14%         4
d - Ozocubu's Armour      Ice            ####....     5%          3

Your spell library contained the following spells:

 Spells                   Type           Power        Failure   Level
 Foxfire                  Conj/Fire      ##..         4%          1
 Summon Ice Beast         Ice/Summ       ###.....     47%         4


Dungeon Overview and Level Annotations

Branches:
Dungeon (7/15)
 Temple: D:4-7

Altars:
Elyvilon
Makhleb
Qazlal
Sif Muna
Uskayaw
Vehumet

Annotations:
D:2 Natasha


Innate Abilities, Weirdness & Mutations

You have a pair of small horns on your head.
A weak demonic guardian rushes to your aid.
You regenerate a little health from kills.


Message History

You feel a surge of power!
The walls around you are covered in ice.
The wall freezes something. x2; Something hits you.
You feel sick.
You are no longer poisoned.
The wall freezes something. x2; Something barely misses you.
The wall freezes something but do no damage.
Something hits you!
* * * LOW HITPOINT WARNING * * *
It was a potion of stabbing.
You feel ready to backstab.
The wall freezes something.
Something barely misses you.
The wall freezes something but do no damage.
Something hits you.
* * * LOW HITPOINT WARNING * * *
It was a potion of magic.
Magic courses through your body.
The wall freezes something.
Something hits you.
* * * LOW HITPOINT WARNING * * *
The wall freezes something.
Something hits you!
You die...

..# #####.#
#<..#.# #.†.#)#
#<....#######
#.#............
.................
.(###...#.#####.#
#...#@# ...###.#
.### #.# . #.###
#.(.# #(#.#
#).#(.# ....#.#.#
.....##..#


There were no monsters in sight!

Vanquished Creatures
  An ice beast (D:6)
  A sky beast (D:6)
  An ogre (D:4)
  A centaur (D:6)
  A bullfrog (D:6)
  2 scorpions (D:6)
  A water moccasin skeleton (D:5)
  A howler monkey (D:5)
  A bullfrog zombie (D:5)
  2 jellies
  3 hounds (D:6)
  3 orc wizards
  4 orc priests
  4 iguanas
  6 worker ants
  A worker ant zombie (D:5)
  A gnoll (D:7)
  4 adders
  2 shadow imps
  A white imp (D:7)
  2 ufetubi
  3 worms
  2 leopard geckos
  25 orcs
  2 giant cockroaches
  5 goblins
  6 hobgoblins
  8 kobolds
  3 quokkas
  5 bats
  2 frilled lizards
  3 rats (D:1)
107 creatures vanquished.

Vanquished Creatures (collateral kills)
  A phantom (D:5)
  An ogre (D:6)
  A scorpion (D:7)
  An orc wizard (D:4)
  An adder skeleton (D:4)
  3 orcs (D:4)
8 creatures vanquished.

Grand Total: 115 creatures vanquished

Notes
Turn   | Place    | Note
-------+----------+-------------------------------------------
     0 | D:1      | jasper the Demonspawn Ice Elementalist began the quest for
                  | the Orb.
     0 | D:1      | Reached XP level 1. HP: 13/13 MP: 3/3
   674 | D:1      | Gained mutation: You regenerate a little health from kills.
                  | [demonic ancestry]
   674 | D:1      | Reached XP level 2. HP: 19/19 MP: 3/5
  1242 | D:2      | Noticed a +0 hand axe
  1242 | D:2      | Noticed a +0 dagger
  1245 | D:2      | Found a hide-covered altar of Uskayaw.
  1314 | D:2      | Reached XP level 3. HP: 24/24 MP: 2/6
  1357 | D:2      | Learned a level 3 spell: Frozen Ramparts
  1852 | D:2      | Noticed Natasha
  2129 | D:3      | Reached skill level 5 in Ice Magic
  2268 | D:3      | Found a stormy altar of Qazlal.
  2284 | D:3      | Gained mutation: A weak demonic guardian rushes to your
                  | aid. [demonic ancestry]
  2284 | D:3      | Reached XP level 4. HP: 30/30 MP: 3/7
  2757 | D:3      | Learned a level 4 spell: Hailstorm
  3025 | D:3      | Gained mutation: You have a pair of small horns on your
                  | head. [demonic ancestry]
  3025 | D:3      | Reached XP level 5. HP: 35/35 MP: 5/9
  3440 | D:4      | Found a white marble altar of Elyvilon.
  3625 | D:4      | Reached skill level 1 in Conjurations
  3816 | D:4      | Reached skill level 1 in Fighting
  3951 | D:4      | Noticed an ogre
  3965 | D:4      | Killed an ogre
  3965 | D:4      | Reached skill level 2 in Conjurations
  3965 | D:4      | Reached XP level 6. HP: 43/43 MP: 5/10
  4252 | D:4      | Reached skill level 3 in Conjurations
  4385 | D:4      | Learned a level 3 spell: Ozocubu's Armour
  4489 | D:5      | Entered Level 5 of the Dungeon
  4729 | D:5      | Found a radiant altar of Vehumet.
  4747 | D:5      | Became a worshipper of Vehumet
  4767 | D:5      | Reached XP level 7. HP: 48/50 MP: 7/11
  5100 | D:5      | Reached skill level 4 in Conjurations
  5903 | D:6      | Found a shimmering blue altar of Sif Muna.
  6014 | D:6      | Reached skill level 5 in Conjurations
  6075 | D:6      | Reached XP level 8. HP: 53/58 MP: 8/12
  6148 | D:6      | Found a burning altar of Makhleb.
  6247 | D:6      | Reached * piety under Vehumet
  6247 | D:6      | Offered knowledge of Foxfire by Vehumet.
  6495 | D:6      | Reached skill level 6 in Conjurations
  6791 | D:7      | Slain by an unseen horror

Illustrated notes

Levels and vault maps discovered:
D:1:      minmay_arrival_semitransparent, layout_loops_ring, minivault_24,
          kennysheep_crisscross, hangedman_decor_lopped
D:2:      layout_basic, dancing_weapons_uskayaw, old_standard_altar,
          uniq_natasha
D:3:      layout_basic, nicolae_qazlal_general_emergency
D:4:      layout_loops_ring, old_standard_altar
D:5:      layout_basic, overflow_temple_1_default
D:6:      layout_rooms, nicolae_overflow_crystal_walls, lemuel_crystal_altar
D:7:      minmay_the_grid_plus [minmay_the_grid_x, minmay_the_grid_mess,
          minmay_the_grid_tiny_cups, minmay_the_grid_spin_star,
          minmay_the_grid_prize_inner_circle], layout_basic,
          lemuel_zombie_altar_yredelemnul, doesnt_xom_only_xom,
          grunt_dithmenos_smoke_and_mirrors

Skill      XL: |  1  2  3  4  5  6  7  8 |
---------------+-------------------------+-----
Ice Magic      | 4 5 |  5.4
Spellcasting   | 3 |  3.1
Dodging        | 2 3 4 |  4.6
Conjurations   | 2 3 5 6 |  6.6
Fighting       | 1 2 3 4 |  4.5
Stealth        | |  1.7

Action                   |  1- 3 |  4- 6 |  7- 9 || total
-------------------------+-------+-------+-------++-------
Melee: Whip              |     4 |       |       ||     4
       Unarmed           |     1 |       |       ||     1
       Short sword       |     3 |    44 |     5 ||    52
       Headbutt          |       |     7 |     1 ||     8
       Rapier            |       |       |    10 ||    10
 Fire: Hand crossbow     |       |       |   112 ||   112
Throw: Stone             |    61 |    40 |     4 ||   105
 Cast: Freeze            |    39 |    18 |    11 ||    68
       Frozen Ramparts   |     4 |    18 |    15 ||    37
  Use: Potion            |       |       |     2 ||     2
 Stab: Distracted        |       |     1 |       ||     1
       Sleeping          |       |     1 |       ||     1
Armor: Robe              |     3 |     6 |    14 ||    23
Dodge: Dodged            |    21 |    33 |    78 ||   132

Table legend: (Time is in decaauts)
 A = Elapsed time spent in this place.
 B = Non-inter-level travel time spent in this place.
 C = Inter-level travel time spent in this place.
 D = Time resting spent in this place.
 E = Time spent auto-exploring this place.
 F = Levels seen in this place.
 G = Mean time per level.
                   A        B        C        D        E       F      G
               +--------+--------+--------+--------+--------+-----+--------+
         Total |   6850 |   6660 |    190 |   1293 |   4322 |   7 |  978.6 |
       Dungeon |   6850 |   6660 |    190 |   1293 |   4322 |   7 |  978.6 |
               +--------+--------+--------+--------+--------+-----+--------+

Top non-repeatable levels by time:
     D:3: 1381 daAuts
     D:5: 1335 daAuts
     D:1: 1189 daAuts
     D:4: 1095 daAuts
     D:6: 927 daAuts
     D:2: 832 daAuts
     D:7: 89 daAuts
